 Dungeon Crawl Stone Soup version 0.29.1-12-g30fa7ad0bf (webtiles) character file.

Game seed: 3724636721315752959

262 safid the Shooter (level 5, -2/49 HPs)
             Began as a Minotaur Hunter on Dec 19, 2022.
             Slain by a gnoll
             ... wielding a +2 whip of flaming
             ... led by a gnoll bouda
              (6 damage)
             ... on level 4 of the Dungeon.
             The game lasted 00:05:05 (3208 turns).

safid the Shooter (Minotaur Hunter)                 Turns: 3208, Time: 00:05:06

Health: -2/49      AC:  7    Str: 15    XL:     5   Next: 97%
Magic:  4/4        EV: 11    Int:  6    God:
Gold:   193        SH:  0    Dex: 21    Spells: 4/4 levels left

rFire   . . .      SeeInvis .   a - +0 shortbow
rCold   . . .      Faith    .   (shield currently unavailable)
rNeg    . . .      Spirit   .   C - +1 ring mail "Hoigh" {Dex+5}
rPois   +          Reflect  .   (helmet restricted)
rElec   .          Harm     .   (no cloak)
rCorr   .          Rampage  .   f - +0 pair of gloves
Will    .....                   (no boots)
Stlth   +.........              (no amulet)
HPRegen 0.16/turn               n - ring of poison resistance
MPRegen 0.09/turn               u - ring of flight

@: attractive, flying
A: horns 2, retaliatory headbutt
a: no special abilities


You were on level 4 of the Dungeon.
You visited 1 branch of the dungeon, and saw 5 of its levels.

You collected 193 gold pieces.

Inventory:

Hand Weapons
 a - a +0 shortbow (weapon)
Armour
 f - a +0 pair of gloves (worn)
 C - the +1 ring mail "Hoigh" (worn) {Dex+5}
   (You found it on level 4 of the Dungeon)

   Dex:       It affects your dexterity (+5).
Jewellery
 n - a ring of poison resistance (left hand)
 u - a ring of flight (right hand)
Wands
 q - a wand of charming (10)
 v - a wand of flame (17)
Scrolls
 b - a scroll of immolation
 g - 2 scrolls of torment {unknown}
 h - 2 scrolls of enchant weapon {unknown}
 l - 3 scrolls of identify {unknown}
 m - 3 scrolls of teleportation {unknown}
 o - a scroll of enchant armour {unknown}
 p - a scroll of silence {unknown}
 y - 2 scrolls of vulnerability {unknown}
 z - a scroll of poison {unknown}
 B - a scroll of blinking {unknown}
Potions
 d - a potion of curing {unknown}
 e - 3 potions of haste {unknown}
 i - a potion of lignification {unknown}
 j - a potion of heal wounds {unknown}
 k - a potion of attraction
 r - a potion of flight
 s - a potion of cancellation {unknown}
 t - a potion of berserk rage {unknown}
 w - a potion of might {unknown}
 A - a potion of resistance {unknown}


   Skills:
 + Level 5.6 Fighting
 + Level 6.4 Ranged Weapons
 - Level 2.1 Dodging
 - Level 0.7 Stealth


You had 4 spell levels left.
You didn't know any spells.
Your spell library contained the following spells:

 Spells                   Type           Power      Damage    Failure   Level
 Apportation              Tloc           0%         N/A       69%         1
 Necrotise                Necr           0%         1d4       69%         1
 Summon Small Mammal      Summ           0%         N/A       69%         1
 Ensorcelled Hibernation  Hex/Ice        0%         N/A       83%         2
 Passwall                 Tmut/Erth      0%         N/A       83%         2
 Gell's Gravitas          Tloc           0%         N/A       96%         3
 Lesser Beckoning         Tloc           0%         N/A       96%         3
 Swiftness                Air            0%         N/A       96%         3
 Teleport Other           Tloc           0%         N/A       96%         3


Dungeon Overview and Level Annotations

Branches:
Dungeon (5/15)
 Temple: D:4-7

Altars:
Xom

Shops:
D:4 [


Innate Abilities, Weirdness & Mutations

You have a pair of horns on your head.
You reflexively headbutt those who attack you in melee.


Message History

The gnoll burns you.
The gnoll bouda calls upon its god to heal the gnoll.
The gnoll's wounds heal themselves!
You shoot an arrow.
The arrow completely misses the gnoll bouda.
The gnoll misses you. The gnoll barely misses you.
The gnoll bouda hits you but does no damage.
The gnoll hits you with a +0 club.
The gnoll hits you with a +2 whip of flaming!
The gnoll burns you. The gnoll bouda barely misses you.
Fire: a) +0 shortbow
Press: ? - help, Q - select action, (/) - cycle Shift-Dir - straight line, f/p - gnoll bouda
Aim: a gnoll bouda, wielding a +0 club and wearing a +0 leather armour (severely wounded, 70% to hit)
You shoot an arrow. The arrow hits the gnoll bouda!
You kill the gnoll bouda!
The gnoll hits you with a +0 club.
* * * LOW HITPOINT WARNING * * *
The gnoll barely misses you. You furiously retaliate!
You headbutt the gnoll, but do no damage.
Okay, then.
Fire: a) +0 shortbow
Press: ? - help, Q - select action, (/) - cycle Shift-Dir - straight line, f - gnoll
Aim: a gnoll, wielding a +2 whip of flaming (covering ground quickly, 70% to hit)
You shoot an arrow. The arrow hits the gnoll.
The gnoll is moderately wounded.
The gnoll misses you.
The gnoll hits you with a +2 whip of flaming.
* * * LOW HITPOINT WARNING * * *
The gnoll burns you.
* * * LOW HITPOINT WARNING * * *
Unknown command.
It was a potion of attraction.
You feel attractive to monsters.
The gnoll is no longer moving quickly.
The gnoll closely misses you. The gnoll hits you but does no damage.
It was a potion of flight.
You feel more buoyant. The gnoll barely misses you.
The gnoll hits you with a +2 whip of flaming.
You die...

..## ##...##.........##..####..
#..#####.......(...##...#.###....
##......>#.........###.......)...
#......#........(## ##.....###..
##.####.#..........## ##....##..#
#..# #.............###......#.##
#..####................#.......#
...........##..).....#####.....##
[..###....###...@....### ##.##...
.........####..g.g.....###..##...
..........##..#.............##..รท
.......##.##......##.####...##...
###...###......#####.# ###.#....
#...#....##.## #.# #.....# #
#.......###.# #.# ##...##
###.......###### #.# #...#.
.##..####..###.# #.########...#


You could see 2 gnolls.

Vanquished Creatures
  A jelly (D:4)
  A gnoll bouda (D:4)
  8 adders
  A gnoll (D:5)
  7 dart slugs
  11 orcs
  10 ball pythons
  11 bats
  5 endoplasms
  3 giant cockroaches
  8 goblins
  13 hobgoblins
  2 jackals (D:3)
  A quokka (D:4)
  A frilled lizard (D:2)
  7 kobolds
  4 rats
94 creatures vanquished.

Notes
Turn   | Place    | Note
-------+----------+-------------------------------------------
     0 | D:1      | safid the Minotaur Hunter began the quest for the Orb.
     0 | D:1      | Reached XP level 1. HP: 18/18 MP: 0/0
    31 | D:1      | Reached XP level 2. HP: 19/25 MP: 1/1
   303 | D:1      | Found a faded altar of an unknown god.
   521 | D:2      | Reached skill level 5 in Ranged Weapons
   521 | D:2      | Reached XP level 3. HP: 31/31 MP: 2/2
   834 | D:2      | Reached XP level 4. HP: 36/40 MP: 3/3
  1554 | D:3      | Reached XP level 5. HP: 47/47 MP: 4/4
  2006 | D:4      | Reached skill level 5 in Fighting
  2006 | D:4      | Reached skill level 6 in Ranged Weapons
  2142 | D:4      | Identified the +1 ring mail "Hoigh" {Dex+5}
  2826 | D:4      | Found a shimmering altar of Xom.
  2950 | D:4      | Found Laruz's Armour Boutique.
  3190 | D:5      | Entered Level 5 of the Dungeon
  3208 | D:4      | Slain by a gnoll

Illustrated notes

Levels and vault maps discovered:
D:1:      psy_arrival_dodecagon, layout_rooms,
          shapermc_ecumenical_altar_notcrosses, minivault_26,
          hangedman_feature_mirror
D:2:      layout_loops_ring
D:3:      layout_rooms, serial_park_tiny_1, kennysheep_potato
D:4:      layout_layer_cave, lemuel_crystal_altar, serial_shops,
          nicolae_shop_behind_doors
D:5:      layout_cave_pools, minmay_temple_entry_gardened_gates

Skill      XL: |  1  2  3  4  5 |
---------------+----------------+-----
Fighting       | 3 4 5 |  5.6
Ranged Weapons | 5 6 |  6.4
Dodging        | |  2.1
Stealth        | |  0.7

Action                   |  1- 3 |  4- 6 || total
-------------------------+-------+-------++-------
 Fire: Shortbow          |    90 |   142 ||   232
  Use: Potion            |       |     2 ||     2
Armor: Leather armour    |     8 |    15 ||    23
       Ring mail         |       |     3 ||     3
Dodge: Dodged            |    16 |    38 ||    54
